 Dungeon Crawl Stone Soup version 0.28-a0-500-g121bc3e445 (webtiles) character file.

Game seed: 6752893621431736100

58 Rennog the Skirmisher (level 3, -3/30 HPs)
             Began as a Demonspawn Fighter on Sept 20, 2021.
             Frozen to death by an endoplasm (5 damage)
             ... on level 3 of the Dungeon.
             The game lasted 00:02:37 (2209 turns).

Rennog the Skirmisher (Demonspawn Fighter)          Turns: 2209, Time: 00:02:37

Health: -3/30      AC:  6    Str: 17    XL:     3   Next: 76%
Magic:  3/3        EV:  9    Int:  9    God:
Gold:   109        SH:  4    Dex: 12    Spells: 2/2 levels left

rFire   . . .      SeeInvis .   a - +0 rapier
rCold   . . .      Faith    .   c - +0 buckler
rNeg    . . .      Spirit   .   b - +0 scale mail
rPois   .          Reflect  .   (no helmet)
rElec   .          Harm     .   (no cloak)
rCorr   .          Rampage  .   (no gloves)
Will    .....                   (no boots)
Stlth   ..........              (no amulet)
HPRegen 0.10/turn               (no ring)
MPRegen 0.08/turn               (no ring)

@: mighty
A: hooves 2
a: no special abilities


You were on level 3 of the Dungeon.
You visited 1 branch of the dungeon, and saw 3 of its levels.

You collected 109 gold pieces.

Inventory:

Hand Weapons
 a - a +0 rapier (weapon)
Armour
 b - a +0 scale mail (worn)
 c - a +0 buckler (worn)
Jewellery
 g - an amulet of faith
Scrolls
 h - a scroll of holy word {unknown}
Potions
 e - 3 potions of curing {unknown}
 f - a potion of invisibility {unknown}


   Skills:
 * Level 4.3 Fighting
 - Level 1.7 Short Blades
 - Level 2.6 Armour
 + Level 1.5 Dodging
 - Level 2.6 Shields


You had 2 spell levels left.
You didn't know any spells.
Your spell library contained the following spells:

 Spells                   Type           Power      Damage    Failure   Level
 Passwall                 Tmut/Erth      0%         N/A       94%         2
 Dazzling Flash           Conj/Hex       0%         N/A       99%         3
 Ignite Poison            Fire/Tmut/Pois 0%         N/A       99%         3
 Mephitic Cloud           Conj/Pois/Air  0%         N/A       99%         3
 Swiftness                Air            0%         N/A       99%         3
 Iskenderun's Mystic Bla  Conj/Tloc      0%         2d3       100%        4
 Freezing Cloud           Conj/Ice/Air   0%         6-21      100%        5
 Invisibility             Hex            0%         N/A       100%        6
 Starburst                Conj/Fire      0%         6d3       100%        6


Dungeon Overview and Level Annotations

Branches:
Dungeon (3/15)

Altars:

Shops:
D:2 *

Annotations:
D:2 1 runed translucent door, Crazy Yiuf, Terence


Innate Abilities, Weirdness & Mutations

You have hoof-like feet.


Message History

You miss the adder. Your kick misses the adder.
The adder is heavily wounded.
You feel sick. The adder barely misses you. The endoplasm barely misses you.
You block the adder's attack.
You barely miss the adder.
The adder is heavily wounded.
You feel sick. The adder bites you. The endoplasm closely misses you.
You barely miss the adder.
The adder is heavily wounded.
You feel sick. The adder closely misses you. The endoplasm hits you.
* * * LOW HITPOINT WARNING * * *
The adder bites you but does no damage.
You closely miss the adder. Your kick misses the adder.
The adder is heavily wounded.
You feel sick.
You are no longer poisoned.
The endoplasm freezes you.
You are frozen.
* * * LOW HITPOINT WARNING * * *
The adder bites you but does no damage. The adder closely misses you.
You block the adder's attack.
There is a stone staircase leading up here.
A hobgoblin comes into view.
The hobgoblin shouts!
You hear a bark!
A ball python comes into view.
The ball python hisses angrily.
The ball python moves out of view.
A hound comes into view.
The hound barks!
The hobgoblin hits you.
* * * LOW HITPOINT WARNING * * *
You feel very mighty all of a sudden. The adder bites you but does no damage.
You block the endoplasm's attack. The hobgoblin closely misses you.
You miss the adder. You kick the adder.
You kill the adder!
The endoplasm freezes you.
You are frozen.
You die...

## ... .... #######
#.... # ..... ......
#.######.#######S#....
#............†.g...♣♣.
#>...<....J@..h....
#.##.#.#########......
#.....S.....# ###.##.
#.##......#.###... ..
# #..........#.###.#.
#..................
##.....#.#....##.##
#######.#....#
#.#....#


You could see a hound, an endoplasm, a hobgoblin and a ball python.

Vanquished Creatures
  3 adders
  A worm (D:2)
  2 dart slugs (D:1)
  4 bats
  3 endoplasms
  A giant cockroach (D:2)
  5 goblins
  4 hobgoblins
  A quokka (D:2)
  A ball python (D:2)
  A frilled lizard (D:1)
  2 kobolds (D:1)
  3 rats (D:2)
31 creatures vanquished.

Notes
Turn   | Place    | Note
-------+----------+-------------------------------------------
     0 | D:1      | Rennog the Demonspawn Fighter began the quest for the Orb.
     0 | D:1      | Reached XP level 1. HP: 18/18 MP: 1/1
   266 | D:1      | Gained mutation: You have large cloven feet. [demonic
                  | ancestry]
   266 | D:1      | Reached XP level 2. HP: 18/24 MP: 2/2
   645 | D:1      | Reached skill level 1 in Dodging
   865 | D:2      | Gained mutation: You have hoof-like feet. [demonic
                  | ancestry]
   865 | D:2      | Reached XP level 3. HP: 18/30 MP: 3/3
  1081 | D:2      | Reached skill level 4 in Fighting
  1301 | D:2      | Found a runed translucent door.
  1302 | D:2      | Noticed Crazy Yiuf
  1428 | D:2      | Found Qoahy's General Store.
  1445 | D:2      | Noticed Terence
  2209 | D:3      | Frozen to death by an endoplasm

Illustrated notes

Levels and vault maps discovered:
D:1:      amcnicky_arrival_choice, layout_basic
D:2:      layout_rooms, serial_shops, shop, minmay_pentomino_v4,
          uniq_crazy_yiuf_cottage, uniq_terence
D:3:      minmay_spotlight, layout_basic, amcnicky_mini_corridor_feature,
          chequers_mini_garden, minmay_vboxes

Skill      XL: |  1  2  3 |
---------------+----------+-----
Dodging        | 1 |  1.5
Fighting       | 4 |  4.3
Short Blades   | |  1.7
Armour         | |  2.6
Shields        | |  2.6

Action                   || total
-------------------------++-------
Melee: Rapier            ||   127
       Kick              ||    17
  Use: Potion            ||     1
Armor: Scale mail        ||    57
Dodge: Dodged            ||    55
Block: Buckler           ||    32

Table legend: (Time is in decaauts)
 A = Elapsed time spent in this place.
 B = Non-inter-level travel time spent in this place.
 C = Inter-level travel time spent in this place.
 D = Time resting spent in this place.
 E = Time spent auto-exploring this place.
 F = Levels seen in this place.
 G = Mean time per level.
                   A        B        C        D        E       F      G
               +--------+--------+--------+--------+--------+-----+--------+
         Total |   2228 |   2135 |     93 |    386 |   1367 |   3 |  742.7 |
       Dungeon |   2228 |   2135 |     93 |    386 |   1367 |   3 |  742.7 |
               +--------+--------+--------+--------+--------+-----+--------+

Top non-repeatable levels by time:
     D:1: 1291 daAuts
     D:2: 840 daAuts
     D:3: 96 daAuts
